 Dungeon Crawl Stone Soup version 0.30.0-15-g856e2d3f33 (webtiles) character file.

Game seed: 4918219197210959500

548 Kenran the Cudgeller (level 7, 0/56 (57) HPs)
             Began as a Minotaur Fighter on May 18, 2023.
             Slain by a kobold brigand
             ... wielding a +2 short sword of draining
              (2 damage)
             ... in a sewer.
             The game lasted 00:04:57 (2600 turns).

Kenran the Cudgeller (Minotaur Fighter)             Turns: 2600, Time: 00:04:57

HP:   0/56 (57)     AC: 12    Str: 20    XL:     7   Next: 7%
MP:   6/6           EV:  5    Int:  5    God:
Gold: 189           SH:  4    Dex: 12    Spells: 6/6 levels left

rFire   + . .        a - +9 hammer of Hyel {spect, rElec rF+}
rCold   . . .        c - +0 buckler
rNeg    . . .        B - +0 plate armour
rPois   .            (helmet restricted)
rElec   +            r - +0 cloak
rCorr   .            (no gloves)
SInv    .            (no boots)
Will    .....        (no amulet) Stlth
                     (no ring)
HPRegen 0.29/turn    (no ring)
MPRegen 0.10/turn

%: no passive effects
@: lethally poisoned (0 -> -26), slowed, lightly drained, very slow
A: horns 2, retaliatory headbutt
a: no special abilities


You were in a sewer.
You visited 1 branch of the dungeon, and saw 4 of its levels.
You also visited: Sewer.

You collected 189 gold pieces.

Inventory:

Hand Weapons
 a - the +9 hammer of Hyel (weapon) {spect, rElec rF+}
   (You found it on level 3 of the Dungeon)

   rF:        It protects you from fire.
   rElec:     It insulates you from electricity.
Armour
 c - a +0 buckler (worn)
 r - a +0 cloak (worn)
 B - a +0 plate armour (worn)
Wands
 s - a wand of roots (7)
Scrolls
 f - a scroll of amnesia {unknown}
 h - 2 scrolls of fear {unknown}
 i - 4 scrolls of identify {unknown}
 k - 2 scrolls of teleportation {unknown}
 m - 3 scrolls of poison {unknown}
 p - a scroll of enchant weapon {unknown}
 q - a scroll of vulnerability {unknown}
 u - a scroll of magic mapping {unknown}
 w - a scroll of immolation {unknown}
 y - a scroll of silence {unknown}
 A - 2 scrolls of noise {unknown}
Potions
 d - 2 potions of might
 e - a potion of magic {unknown}
 g - 2 potions of heal wounds {unknown}
 j - a potion of flight {unknown}
 l - 2 potions of mutation {unknown}
 n - a potion of invisibility {unknown}
 o - a potion of lignification {unknown}
 t - 2 potions of curing {unknown}
 v - 4 potions of brilliance {unknown}
 x - a potion of cancellation {unknown}
 z - a potion of degeneration {unknown}


   Skills:
 - Level 3.6 Fighting
 - Level 5.7 Long Blades
 + Level 7.1 Maces & Flails
 - Level 3.6 Armour
 - Level 3.6 Shields


You had 6 spell levels left.
You didn't know any spells.
Your spell library contained the following spells:

 Spells                   Type           Power      Damage    Failure   Level
 Shock                    Conj/Air       0%         1d3       100%        1
 Swiftness                Air            0%         N/A       100%        3
 Airstrike                Air            0%         2d(0-16)  100%        4


Dungeon Overview and Level Annotations

Branches:
Dungeon (4/15)              Sewer (1/1)
 Temple: D:4-7

Altars:
Fedhas
Hepliaklqana
Xom


Innate Abilities, Weirdness & Mutations

You have a pair of horns on your head.
You reflexively headbutt those who attack you in melee.


Message History

You sock the endoplasm!
You kill the endoplasm!
No target in view!
No target in view!
You open the large door.
A kobold brigand comes into view.
It is wielding a +2 short sword of draining and quivering curare-tipped darts.
The kobold brigand shouts!
The kobold brigand throws a curare-tipped dart.
The curare-tipped dart hits you.
You are poisoned.
You have difficulty breathing.
You feel yourself slow down.
Found a gate leading back out of this place.
You feel very sick.
The kobold brigand throws a curare-tipped dart.
You block the curare-tipped dart.
A kobold brigand is nearby!
You feel very sick.
The kobold brigand throws a curare-tipped dart.
The curare-tipped dart hits you.
You are more poisoned.
You have difficulty breathing.
You feel as though you will be slow longer.
There is a large open door here.
You feel extremely sick.
The kobold brigand throws a curare-tipped dart.
The curare-tipped dart hits you.
You are more poisoned.
You have difficulty breathing.
You feel as though you will be slow longer.
The kobold brigand throws a curare-tipped dart.
The curare-tipped dart hits you.
You are lethally poisoned!
You have difficulty breathing.
You feel as though you will be slow longer.
* * * LOW HITPOINT WARNING * * *
You feel extremely sick.
The kobold brigand hits you with a +2 short sword of draining.
* * * LOW HITPOINT WARNING * * *
You feel drained.
You die...

### # ###.####
#####.......
###...........
#.............
≣≣≣≣≣≣#.........P...
≣....≣..P...........
≣.K@.'.~~...P~~.....
≣.∩..'~~....~~~~~~P.
≣....≣~~~PP~P~~P~P..
≣≣≣≣≣≣≣≣≣≣≣≣≣≣~≣≣≣≣≣
~~~~~ ≈≈≈≈≈ ≈ ~


You could see a kobold brigand.

Vanquished Creatures
  A water moccasin (D:4)
  An ogre (D:4)
  A kobold brigand (Sewer)
  A scorpion (D:4)
  Crazy Yiuf (D:3)
  2 jellies (D:4)
  Robin (D:3)
  3 gnolls (D:4)
  2 adders
  A worm (D:3)
  2 dart slugs
  6 bats
  6 endoplasms
  5 giant cockroaches
  16 goblins
  9 hobgoblins
  2 jackals (D:2)
  6 quokkas
  6 ball pythons
  3 frilled lizards
  7 kobolds
  5 rats
87 creatures vanquished.

Notes
Turn   | Place    | Note
-------+----------+-------------------------------------------
     0 | D:1      | Kenran the Minotaur Fighter began the quest for the Orb.
     0 | D:1      | Reached XP level 1. HP: 19/19 MP: 0/0
   292 | D:1      | Reached XP level 2. HP: 17/26 MP: 1/1
   809 | D:2      | Reached XP level 3. HP: 23/31 MP: 2/2
  1255 | D:2      | Found a shimmering altar of Xom.
  1459 | D:3      | Found a blossoming altar of Fedhas.
  1528 | D:3      | Reached skill level 5 in Long Blades
  1537 | D:3      | Found a faded altar of an unknown god.
  1637 | D:3      | Reached XP level 4. HP: 13/39 MP: 3/3
  1798 | D:3      | Noticed Robin
  1820 | D:3      | Killed Robin
  2108 | D:3      | Identified the +6 hammer of the Skies Above {drain, Drain
                  | Will+ Str+2 Int+2}
  2110 | D:3      | Found a runed translucent door.
  2115 | D:3      | Noticed Crazy Yiuf
  2127 | D:3      | Killed Crazy Yiuf
  2128 | D:3      | Reached skill level 2 in Maces & Flails
  2137 | D:3      | Identified the +9 hammer of Hyel {spect, rElec rF+}
  2215 | D:4      | Reached XP level 5. HP: 33/38 MP: 4/4
  2248 | D:4      | Reached skill level 3 in Maces & Flails
  2266 | D:4      | Identified the +1 robe of Onaminept {Contam rPois Int-3
                  | Dex+8}
  2275 | D:4      | Reached skill level 4 in Maces & Flails
  2276 | D:4      | Noticed an ogre
  2283 | D:4      | Killed an ogre
  2284 | D:4      | Reached skill level 5 in Maces & Flails
  2284 | D:4      | Reached XP level 6. HP: 49/51 MP: 5/5
  2345 | D:4      | Noticed a water moccasin
  2364 | D:4      | Killed a water moccasin
  2365 | D:4      | Reached skill level 6 in Maces & Flails
  2388 | D:4      | Found a hazy altar of Hepliaklqana.
  2416 | D:4      | Found a glowing drain.
  2434 | Sewer    | Entered a sewer
  2469 | Sewer    | Reached skill level 7 in Maces & Flails
  2469 | Sewer    | Reached XP level 7. HP: 41/57 MP: 6/6
  2600 | Sewer    | HP: 2/57 [kobold brigand/+2 short sword of draining (6)]
  2600 | Sewer    | Slain by a kobold brigand

Illustrated notes

Levels and vault maps discovered:
D:1:      dpeg_arrival_round_a, layout_loops_ring, minmay_stone_trees_small
D:2:      layout_basic, basic_altar
D:3:      layout_rooms, fedhas_altar_1, ebering_ecumenical_altar_box,
          uniq_robin, uniq_crazy_yiuf_cottage
D:4:      layout_gridville, nicolae_hepliaklqana_hazy_memory,
          nicolae_ru_awakened_eye, portal_sewer_entry_f
Sewer:    kennysheep_pipe_town

Skill      XL: |  1  2  3  4  5  6 |
---------------+-------------------+-----
Long Blades    | 3 4 5 |  5.7
Maces & Flails | 2 5 7 |  7.1
Fighting       | |  3.6
Armour         | |  3.6
Shields        | |  3.6

Action                     |  1- 3 |  4- 6 |  7- 9 || total
---------------------------+-------+-------+-------++-------
  Melee: Long sword        |    97 |    30 |       ||   127
         Headbutt          |    14 |     4 |       ||    18
         Mace              |       |    42 |     4 ||    46
  Evoke: Wand              |       |     1 |       ||     1
 Armour: Scale mail        |    36 |    16 |       ||    52
         Plate armour      |       |    22 |     2 ||    24
  Dodge: Dodged            |    46 |    26 |       ||    72
  Block: Buckler           |    17 |    19 |     1 ||    37
